 Dungeon Crawl Stone Soup version 0.21-a0-513-gdcb3f5e (webtiles) character file.

34 Gerstahl the Poker (level 3, 26/28 HPs)
             Began as a Demonspawn Gladiator on Dec 2, 2017.
             Quit the game on level 2 of the Dungeon.
             The game lasted 00:00:41 (861 turns).

Gerstahl the Poker (Demonspawn Gladiator)            Turns: 861, Time: 00:00:42

Health: 26/28      AC:  4    Str: 14    XL:     3   Next: 14%
Magic:  3/3        EV: 12    Int:  9    God:
Gold:   106        SH:  0    Dex: 15    Spells: 2/2 levels left

rFire    . . .     SeeInvis .   a - +0 trident
rCold    . . .     Gourm    .   (no shield)
rNeg     . . .     Faith    .   b - +0 leather armour
rPois    .         Spirit   .   c - +0 helmet
rElec    .         Reflect  .   (no cloak)
rCorr    .         Harm     .   (no gloves)
MR       .....                  (no boots)
Stlth    +.........             (no amulet)
HPRegen  0.09/turn              (no ring)
MPRegen  0.08/turn              (no ring)

@: heavily drained
A: claws 2
a: no special abilities


You were on level 2 of the Dungeon.
You were not hungry.

You visited 1 branch of the dungeon, and saw 2 of its levels.

You collected 106 gold pieces.

Inventory:

Hand Weapons
 a - a +0 trident (weapon)
Missiles
 d - 3 throwing nets (quivered)
Armour
 b - a +0 leather armour (worn)
 c - a +0 helmet (worn)
Scrolls
 e - 2 scrolls of identify {unknown}
 h - a scroll of remove curse {unknown}
 j - a scroll of fog {unknown}
 k - a scroll of blinking {unknown}
Potions
 i - a potion of degeneration {unknown}
 l - a potion of cancellation {unknown}
 m - a potion of resistance {unknown}
Comestibles
 f - 3 bread rations
 g - a meat ration


   Skills:
 + Level 2.9(1.7) Fighting
 + Level 3.3(2.1) Polearms
 - Level 1.7(0.6) Throwing
 - Level 2.6(1.4) Dodging


You had 2 spell levels left.
You didn't know any spells.

Dungeon Overview and Level Annotations

Branches:
Dungeon (2/15)

Altars:


Innate Abilities, Weirdness & Mutations

You have very sharp fingernails.


Message History

You hit the worm.
The worm is severely wounded.
The worm bites you.
A worm is nearby!
You hit the worm but do no damage.
The worm is severely wounded.
A worm is nearby!
You puncture the worm!
You kill the worm!
You see here a worm corpse.
m - a bubbling silvery potion No target in view!
You now have 106 gold pieces (gained 18).
There is a stone staircase leading down here.
Found a stone staircase leading up.
No target in view!
You see here a bat corpse.
A rat comes into view.
Found 23 bolts.
Are you sure you want to abandon this character and quit the game? (Confirm with "yes".)

......#.###########.
......#..# ..
......##.## .
......##..## .#
...........# ##.###.
######...†.# .......
#.....# .......
#.....######.......
#......#...@.......
######.#...........
#...(.........
##...........(
#............
#............
#..........r.
##...........
#....##.#


You could see a rat.

Vanquished Creatures
  An adder (D:2)
  A worm (D:2)
  A leopard gecko (D:2)
  5 bats
  2 giant cockroaches (D:1)
  5 goblins (D:1)
  3 hobgoblins
  A frilled lizard (D:2)
  A kobold (D:1)
20 creatures vanquished.

Notes
Turn   | Place    | Note
-------+----------+-------------------------------------------
     0 | D:1      | Gerstahl the Demonspawn Gladiator began the quest for the Orb.
     0 | D:1      | Reached XP level 1. HP: 16/16 MP: 1/1
   312 | D:1      | Reached skill level 3 in Polearms
   353 | D:1      | Gained mutation: You have sharp fingernails. [demonic ancestry]
   353 | D:1      | Reached XP level 2. HP: 10/23 MP: 2/2
   747 | D:2      | Gained mutation: You have very sharp fingernails. [demonic ancestry]
   747 | D:2      | Reached XP level 3. HP: 18/28 MP: 3/3
   861 | D:2      | Quit the game

Vault maps used:
D:1:      lightli_arrival_statuegarden, supply_closet_lemuel, minmay_circled_x
D:2:      bloody_makhleb, first_bread

Skill      XL: |  1 |
---------------+----+-----
Polearms       | 3 |  3.3
Fighting       | |  2.9
Throwing       | |  1.7
Dodging        | |  2.6

Action                   || total
-------------------------++-------
Melee: Trident           ||    75
 Stab: Sleeping          ||     1
Armor: Leather armour    ||    24
Dodge: Dodged            ||    48

Table legend:
 A = Spawn XP
 B = Non-spawn XP
 C = Spawn XP percentage of total XP
 D = Spawn monster count
 E = Non-spawn monster count
 F = Spawn count percentage of total count
 G = Total turns spent on level
                    A         B        C        D         E        F      G
               +---------+---------+-------+---------+---------+-------+---------
         Total |       0 |      49 |   0.0 |       0 |      20 |   0.0 |   861
               +---------+---------+-------+---------+---------+-------+---------
           D:1 |       0 |      21 |   0.0 |       0 |      13 |   0.0 |   686
           D:2 |       0 |      28 |   0.0 |       0 |       7 |   0.0 |   175
               +---------+---------+-------+---------+---------+-------+---------
